 Dungeon Crawl Stone Soup version 0.19.3-4-gbf9329e (webtiles) character file.

177 Alarkh the Chopper (level 5, -9/41 HPs)
             Began as a Demonspawn Monk on Jan 28, 2017.
             Mangled by Feta's ghost (13 damage)
             ... on level 4 of the Dungeon.
             The game lasted 00:03:02 (3922 turns).

Alarkh the Chopper (Demonspawn Monk)                Turns: 3922, Time: 00:03:02

Health: -9/41      AC:  5    Str: 12    XL:     5   Next: 31%
Magic:  0/5        EV: 13    Int: 12    God:
Gold:   135        SH:  0    Dex: 15    Spells: 0 memorised, 4 levels left

rFire  . . .     SeeInvis .     a - +0 hand axe
rCold  . . .     Gourm    .     b - +0 robe
rNeg   . . .     Faith    .     (no shield)
rPois  .         Spirit   +     (no helmet)
rElec  .         Reflect  .     j - +0 cloak
rCorr  .         Harm     .     (no gloves)
MR     .....                    (no boots)
Stlth  ++........               (no amulet)
                                (no ring)
                                (no ring)

@: very slightly contaminated, invisible
A: hooves 1, slimy green scales 1, magic shield
a: no special abilities


You were on level 4 of the Dungeon.
You were very hungry.

You visited 1 branch of the dungeon, and saw 4 of its levels.

You collected 135 gold pieces.

Inventory:

Hand Weapons
 a - a +0 hand axe (weapon)
Armour
 b - a +0 robe (worn)
 j - a +0 cloak (worn)
Wands
 n - a wand of enslavement (11/24)
Scrolls
 e - 2 scrolls of identify
 f - a scroll of amnesia {unknown}
 i - a scroll of fog {unknown}
 l - a scroll of enchant armour {unknown}
 m - 2 scrolls of immolation {unknown}
 o - 2 scrolls of teleportation {unknown}
 p - 2 scrolls of remove curse {unknown}
 q - a scroll of magic mapping {unknown}
 r - a scroll of random uselessness {unknown}
Potions
 d - a potion of curing
Comestibles
 c - 2 bread rations
 g - 2 beef jerkies
 h - a slice of pizza
 s - 2 fruits


   Skills:
 - Level 3.0 Fighting
 + Level 5.5 Axes
 - Level 2.6 Dodging
 - Level 1.7 Stealth


You had 4 spell levels left.
You didn't know any spells.

Dungeon Overview and Level Annotations

Branches:
Dungeon (4/15)
 Temple: D:4-7

Altars:

Annotations:
D:4 Feta's ghost, novice GrFi


Innate Abilities, Weirdness & Mutations

You have large cloven feet.
You are partially covered in slimy green scales. (AC +2)
When hurt, damage is shared between your health and your magic reserves.


Message History

You barely miss Feta's ghost.
You kick Feta's ghost, but do no damage.
Feta's ghost hits you!
You closely miss Feta's ghost. Feta's ghost barely misses you.
You barely miss Feta's ghost.
You kick Feta's ghost, but do no damage.
Feta's ghost hits you!
* * * LOW HITPOINT WARNING * * *
Feta's ghost hits you.
* * * LOW HITPOINT WARNING * * *
Found a stone staircase leading down.
Found ice dragon scales.
There is an open door here.
You hit Feta's ghost but do no damage. Feta's ghost hits you.
* * * LOW HITPOINT WARNING * * *
You hit Feta's ghost but do no damage. Feta's ghost closely misses you.
You are feeling very hungry.
You see here ice dragon scales.
Feta's ghost hits you!
You die...

###...#..#.#
##.....#..###
.......##..#
.#.....##..##
.........#..##
########'.....#
........#.##..#
.+####'W#..#..#
#....#@#...#.#
#.##.#[#.#.#..
# #.#.#.#.>#
#.#.#.# +.#.#
..# ##+


You could see Feta's ghost.

Vanquished Creatures
  Ijyb (D:2)
  8 adders
  5 worms
  3 leopard geckos
  An orc (D:4)
  6 bats
  2 giant cockroaches
  10 hobgoblins
  3 jackals (D:1)
  2 quokkas
  A ball python (D:3)
  5 frilled lizards
  7 goblins
  5 kobolds
  7 rats
66 creatures vanquished.

Notes
Turn   | Place    | Note
-------+----------+-------------------------------------------
     0 | D:1      | Alarkh the Demonspawn Monk began the quest for the Orb.
     0 | D:1      | Reached XP level 1. HP: 18/18 MP: 1/1
    68 | D:1      | Reached skill level 3 in Axes
   195 | D:1      | Gained mutation: When hurt, damage is shared between your health and your magic reserves. [demonic ancestry]
   195 | D:1      | Reached XP level 2. HP: 24/24 MP: 2/2
   730 | D:2      | Gained mutation: You are partially covered in slimy green scales. (AC +2) [demonic ancestry]
   730 | D:2      | Reached XP level 3. HP: 29/29 MP: 3/3
   815 | D:2      | Reached skill level 4 in Axes
  2029 | D:2      | Gained mutation: You have large cloven feet. [demonic ancestry]
  2029 | D:2      | Reached XP level 4. HP: 21/35 MP: 4/4
  2080 | D:2      | Noticed Ijyb
  2113 | D:2      | Killed Ijyb
  2249 | D:3      | Reached skill level 5 in Axes
  2907 | D:3      | Reached XP level 5. HP: 41/41 MP: 5/5
  3902 | D:4      | Noticed Feta's ghost (novice GrFi)
  3922 | D:4      | Mangled by Feta's ghost

Skill      XL: |  1  2  3  4 |
---------------+-------------+-----
Axes           | 3 4 5 |  5.5
Fighting       | |  3.0
Dodging        | |  2.6
Stealth        | |  1.7

Action                   |  1- 3 |  4- 6 || total
-------------------------+-------+-------++-------
Melee: Hand axe          |   185 |   158 ||   343
       Kick              |       |    39 ||    39
  Use: Potion            |     2 |     1 ||     3
       Scroll            |       |     1 ||     1
 Stab: Sleeping          |     5 |     2 ||     7
  Eat: Chunk             |     4 |     5 ||     9
Armor: Robe              |    48 |    40 ||    88
Dodge: Dodged            |   130 |   106 ||   236
